Map: Moondance

Players

llllllllllll (herO) - Winner!

  • Race: Protoss Protoss
  • League: Grandmaster
  • Spawn Location: 6:00

Bunny

  • Race: Terran Terran
  • League: Silver
  • Spawn Location: 12:00

VOD

Have the link to the VOD?

Description

Time

  • Played on: Oct. 20, 2022, 7:24 a.m.
  • Length: 8:54
Show
View Real Time Build Order
Export as new Build Order

llllllllllll Protoss - Winner!

Build Orders: 1 Gate Expand, Phoenix Opening 

Get SALT Encoding   

  12  0:00  Probe  
  13  0:12  Probe  
  14  0:17  Pylon  
  14  0:24  Probe (Chrono Boost)  
  16  0:36  Probe (Chrono Boost), Gateway  
  16  0:43  Probe (Chrono Boost)  
  16  0:46  Assimilator  
  17  0:50  Probe  
  18  1:03  Probe  
  19  1:15  Probe  
  20  1:23  Cybernetics Core  
  20  1:32  Nexus  
  20  1:38  Pylon  
  20  1:41  Probe  
  20  1:46  Assimilator  
  21  1:53  Probe  
  22  1:56  Adept (Chrono Boost)  
  24  2:05  Probe  
  24  2:18  Probe  
  25  2:24  Adept (Chrono Boost), Stargate  
  27  2:30  Probe  
  27  2:34  Warp Gate  
  28  2:42  Probe  
  29  2:45  Shield Battery  
  29  2:46  Stalker (Chrono Boost)  
  32  2:51  Probe  
  32  2:56  Probe  
  34  3:12  Probe  
  38  3:13  Probe  
  38  3:14  Void Ray (Chrono Boost)  
  39  3:23  Pylon  
  39  3:26  Probe  
  39  3:27  Probe  
  41  3:38  Probe  
  41  3:39  Probe  
  41  3:41  Phoenix (Chrono Boost)  
  45  3:51  Probe x2  
  47  3:59  Phoenix (Chrono Boost)  
  47  4:02  Pylon  
  49  4:04  Probe  
  49  4:05  Probe  
  51  4:18  Phoenix (Chrono Boost)  
  51  4:19  Probe  
  51  4:20  Probe  
  51  4:24  Stalker, Pylon  
  57  4:31  Probe  
  58  4:32  Probe  
  59  4:42  Phoenix  
  59  4:43  Probe  
  59  4:44  Probe  
  61  4:56  Probe x2  
  61  4:59  Nexus  
  63  5:01  Assimilator  
  63  5:02  Assimilator  
  63  5:03  Twilight Council  
  63  5:08  Forge  
  63  5:12  Phoenix (Chrono Boost)  
  63  5:17  Probe x2  
  65  5:21  Protoss Ground Weapons Level 1  
  63  5:28  Phoenix (Chrono Boost)  
  63  5:29  Probe  
  63  5:30  Probe  
  67  5:40  Gateway  
  67  5:41  Gateway  
  67  5:44  Blink (Chrono Boost)  
  67  5:49  Probe x2  
  69  5:59  Pylon  
  69  6:01  Gateway  
  69  6:03  Probe  
  70  6:04  Shield Battery  
  70  6:07  Shield Battery  
  70  6:08  Shield Battery  
  71  6:11  Probe  
  71  6:12  Sentry, Probe  
  74  6:20  Probe  
  74  6:23  Probe  
  74  6:25  Probe, Gateway  
  77  6:26  Gateway  
  77  6:35  Sentry x3  
  83  6:40  Photon Cannon  
  83  6:41  Photon Cannon x2  
  83  6:42  Probe, Pylon  
  83  6:44  Probe  
  83  6:46  Probe  
  86  6:57  Stalker  
  86  7:00  Stalker x2, Pylon  
  92  7:06  Shield Battery  
  92  7:07  Pylon x2  
  92  7:16  Stalker  
  92  7:21  Probe x3  
  97  7:23  Stalker x3, Pylon  
  97  7:25  Stalker  
  97  7:40  Stalker x2  
  99  7:48  Stalker x2  
  99  7:49  Probe x2  
  99  7:50  Probe  
  101  8:10  Nexus  
  101  8:11  Zealot x3, Stalker x3  
  113  8:16  Pylon  
  113  8:18  Probe  
  113  8:19  Probe x2  
  104  8:37  Stalker x5  
  104  8:39  Probe x3  
Show
View Real Time Build Order
Export as new Build Order

Bunny Terran 

Build Orders: Cyclone Opening 

Get SALT Encoding   

  12  0:00  SCV  
  13  0:12  SCV  
  14  0:18  Supply Depot  
  14  0:24  SCV  
  15  0:39  SCV  
  15  0:40  Barracks  
  16  0:45  Refinery  
  16  0:51  SCV  
  16  0:54  Refinery  
  17  1:03  SCV  
  18  1:15  SCV  
  19  1:27  Reaper, Orbital Command  
  20  1:33  Supply Depot  
  20  1:43  Factory  
  20  1:53  SCV  
  21  1:59  Reaper  
  22  2:04  Bunker  
  22  2:05  SCV  
  23  2:17  SCV  
  24  2:28  Factory Tech Lab  
  24  2:29  SCV  
  25  2:33  Command Center  
  25  2:41  SCV  
  26  2:47  Cyclone  
  29  2:52  Supply Depot  
  29  2:53  SCV  
  30  2:59  Starport  
  31  3:05  SCV  
  31  3:19  Cyclone  
  34  3:20  SCV  
  35  3:33  SCV  
  35  3:34  Supply Depot  
  35  3:35  Barracks  
  35  3:39  Starport Tech Lab  
  35  3:45  SCV  
  35  3:46  Barracks Reactor  
  36  3:55  Siege Tank  
  39  3:59  SCV  
  39  4:01  Orbital Command  
  39  4:05  Refinery  
  39  4:06  Bunker  
  38  4:13  Viking  
  38  4:16  SCV  
  41  4:23  Marine x2  
  43  4:27  Barracks  
  43  4:38  Marine  
  40  4:41  Marine  
  40  4:43  Viking  
  40  4:45  SCV x2  
  45  4:49  Widow Mine  
  44  4:59  SCV x2  
  44  5:00  Marine x3  
  44  5:04  Stimpack  
  47  5:11  SCV x2  
  49  5:17  Marine, Factory Reactor  
  49  5:18  Marine  
  49  5:20  Starport Reactor  
  51  5:21  Combat Shield, Marine  
  51  5:24  Marine  
  51  5:28  SCV x2  
  52  5:40  SCV x2  
  53  5:44  Marine x4  
  53  5:46  Engineering Bay  
  57  5:52  SCV x2  
  57  5:55  Widow Mine  
  61  5:59  Supply Depot  
  61  6:03  Supply Depot  
  61  6:06  Marine  
  61  6:10  Marine  
  61  6:11  SCV, Medivac x2, Widow Mine  
  70  6:19  SCV, Terran Infantry Weapons Level 1  
  70  6:20  Marine  
  70  6:21  Marine  
  70  6:24  Marine  
  73  6:27  SCV  
  73  6:28  Marine  
  73  6:32  SCV  
  75  6:35  Supply Depot  
  75  6:36  Supply Depot  
  75  6:37  Widow Mine  
  75  6:38  Marine  
  78  6:57  SCV x2, Medivac x2, Marine x2  
  78  6:58  Widow Mine  
  78  6:59  Widow Mine  
  90  7:03  Concussive Shells, Marauder, Marine  
  90  7:06  Supply Depot  
  93  7:12  SCV  
  94  7:17  Command Center  
  94  7:20  Supply Depot  
  94  7:23  SCV  
  94  7:24  Marauder, Marine x2  
  91  7:37  Marauder  
  91  7:41  Widow Mine x2  
  91  7:42  Marine x2  
  91  7:43  Medivac  
  94  7:45  Marauder  
  94  7:50  SCV x2  
  75  7:59  Marauder  
  75  8:00  Marine x2  
  75  8:03  Barracks  
  78  8:06  Marauder  
  78  8:12  Refinery, Barracks  
  77  8:14  Medivac x2  
  79  8:20  Marauder  
  79  8:23  Marine x2  
  79  8:26  Widow Mine x2  
  87  8:28  Marauder  
  87  8:29  SCV  
  83  8:39  SCV  
  65  8:41  SCV  
Tags
 
Add a new tag
Caveats
  • Supply blocks, unpowered buildings, or Contaminate may cause inaccurate times.
  • Supply counts are checked every 10 seconds.